Cogmind - Beta 11 @@@ ROGUE MODE // 2022.03.31 @ 01:07:27 // AFD2021/Volatile Player: K.Ioz Result: Destroyed by G-34 Mercenary with Small Laser Performance ------------- Evolutions (0) 0 Regions Visited (1) 200 Robots Destroyed (16) 80 Value Destroyed (475) 475 Prototype IDs (0) 0 Alien Tech Used (0) 0 Bonus (35) 35 TOTAL SCORE: 790 Bonus ------- High Alert Combat Kills 35 Cogmind --------- Core Integrity 0/250 Matter 237/300 Energy 85/100 System Corruption 0% Temperature Hot (246) Movement Core (150) Ox2 Location -10/Materials Parts ------- > --- POWER (1) -------- (None) > --- PROPULSION (2) --- (None) > --- UTILITY (2) ------ Small Storage Unit > --- WEAPON (2) ------- Medium Laser > --- INVENTORY (8) ---- Ion Engine Light Treads Light Treads Peak State ------------ > --- POWER ------------ Ion Engine > --- PROPULSION ------- Aluminum Leg Aluminum Leg > --- UTILITY ---------- Small Storage Unit Light Armor Plating > --- WEAPON ----------- Medium Laser Light Assault Rifle > --- INVENTORY -------- Ion Engine Light Treads Light Treads Medium Laser [Rating: 7] Favorites ----------- Power Ion Engine Engine Ion Engine Propulsion Aluminum Leg Leg Aluminum Leg Utility Small Storage Unit Storage Small Storage Unit Protection Light Armor Plating Weapon Medium Laser Energy Gun Medium Laser Ballistic Gun Light Assault Rifle Build | -11 -10 ------- Run | Scr Mat Slots Evolved . | . . Power . | . . Propulsion . | . . Utility . | . . Weapon . | . . Parts Attached 9 | 6 3 Power 1 | 1 . Engine 1 | 1 . Core . | . . Reactor . | . . Propulsion 3 | 2 1 Treads . | . . Leg 3 | 2 1 Wheel . | . . Hover . | . . Flight . | . . Utility 2 | 1 1 Device . | . . Storage 1 | 1 . Processor . | . . Hackware . | . . Protection 1 | . 1 Artifact . | . . Weapon 3 | 2 1 Energy Gun 2 | 1 1 Energy Cannon . | . . Ballistic Gun 1 | 1 . Ballistic Cannon . | . . Launcher . | . . Special Weapon . | . . Impact Weapon . | . . Slashing Weapon . | . . Piercing Weapon . | . . Special Melee Weapon . | . . Unidentified Prototypes . | . . Parts Lost 6 | . 6 Power 1 | . 1 Propulsion 2 | . 2 Utility 1 | . 1 Weapon 2 | . 2 Highest Loss Streak 6 | . 6 To Critical Strikes . | . . Average Slot Usage (%) 92 | . 92 Engine 13 | . 13 Leg 25 | . 25 Storage 14 | . 14 Protection 10 | . 10 Energy Gun 14 | . 14 Ballistic Gun 14 | . 14 Naked Turns . | . . Heaviest Build 16 | 13 16 Greatest Support 20 | 20 20 Greatest Overweight (x) 1 | 1 1 Average Overweight (x) . | . . Largest Inventory Capacity 8 | 8 8 Average Capacity 7 | 5 8 Most Carried 5 | 5 4 Average Carried 3 | 3 3 Final Capacity 8 | 8 8 Final Carried 4 | 4 3 Class Distribution -------------------- 100% | Mutant Dominant Class ---------------- Mutant | -10/Materials Resources | -11 -10 ----------- Run | Scr Mat Matter Collected 240 | 229 11 Remotely . | . . Salvage Created 439 | . 439 Parts 31 | . 31 Haulers Intercepted . | . . Recyclers Shooed 1 | . 1 Parts Field Recycled . | . . Retrieved Matter . | . . Parts Self-Destructed . | . . Prevented . | . . Kills | -11 -10 ------- Run | Scr Mat Combat Hostiles Destroyed 13 | . 13 Guns 7 | . 7 AOE 6 | . 6 Classes Destroyed 5 | . 5 Worker 1 | . 1 Operator 1 | . 1 Watcher 1 | . 1 Swarmer 3 | . 3 Grunt 10 | . 10 Best Kill Streak 7 | . 7 Combat Bots Only 7 | . 7 Max Kills in Single Turn 6 | . 6 Gunslinging . | . . Exploded 5 | . 5 Melee . | . . Uniques/NPCs Destroyed . | . . Combat | -11 -10 -------- Run | Scr Mat Damage Taken 769 | . 769 Core 250 | . 250 Absorbed by Shields . | . . Core Remaining (%) 100 | 100 . Volleys Fired 57 | . 57 Largest 2 | . 2 Hottest 70 | . 70 Shots Fired 85 | . 85 Gun 85 | . 85 Cannon . | . . Launcher . | . . Special . | . . Kinetic 43 | . 43 Thermal 42 | . 42 Explosive . | . . Electromagnetic . | . . Robot Hit Streak 5 | . 5 Robot Miss Streak 4 | . 4 Penetration Max . | . . Secondary Targets . | . . Shots Hit Robots 46 | . 46 Core Hits 32 | . 32 Critical Kills . | . . Critical Parts Destroyed . | . . Critical Strikes 5 | . 5 Burn 5 | . 5 Melee Attacks . | . . Impact . | . . Slashing . | . . Piercing . | . . Sneak Attacks . | . . Combat Hostiles . | . . Follow-up Attacks . | . . Damage Inflicted 1259 | . 1259 Guns 515 | . 515 Cannons . | . . Explosions 744 | . 744 Melee . | . . Ramming . | . . Kinetic 199 | . 199 Thermal 385 | . 385 Explosive 646 | . 646 Electromagnetic 29 | . 29 Impact . | . . Slashing . | . . Piercing . | . . Highest Corruption . | . . Average Corruption . | . . Corruption Purged . | . . Corruption Blocked . | . . Overload Shots . | . . Overflow Damage 29 | . 29 Projectiles . | . . Explosions 29 | . 29 Melee . | . . Knockbacks . | . . Impact . | . . Kinetic . | . . Secondary . | . . Self-Inflicted Damage . | . . Shots . | . . Rammed . | . . Targets Rammed . | . . Kicked . | . . Crushed . | . . Highest Temperature 366 | . 366 Average Temperature 182 | . 182 Received Heat Transfer 486 | . 486 Effects 2 | . 2 Interference 2 | . 2 Siege Activations . | . . Robots Corrupted . | . . Combat Hostiles . | . . Parts Fried . | . . Impact Corruptions . | . . Robots Melted . | . . Combat Hostiles . | . . Parts Melted 2 | . 2 Heat Transferred 1395 | . 1395 Parts Sabotaged . | . . Parts Stolen . | . . Parts Stripped . | . . Power Chain Reactions . | . . Missiles Intercepted . | . . Alert | -11 -10 ------- Run | Scr Mat Peak Influence 528 | . 528 Initial . | . . Average 165 | . 214 Maximum Alert Level 2 | . 2 Low Security (%) 60 | 100 48 Level 1 15 | . 19 Level 2 24 | . 31 Level 3 . | . . Level 4 . | . . Level 5 . | . . High Security . | . . Max Security . | . . Squads Dispatched 2 | . 2 Investigation . | . . Extermination . | . . Reinforcement 2 | . 2 Assault . | . . Garrison . | . . Intercept . | . . Searches Triggered . | . . Construction Impeded . | . . Haulers Reinforced . | . . Active Scanning Responses . | . . Cargo Convoy Interrupts . | . . Stealth | -11 -10 --------- Run | Scr Mat Distress Signals 3 | . 3 Communications Jammed . | . . Distress Signals . | . . Times Spotted 19 | . 19 Peak Tracking Total 5 | . 5 Tactical Retreats . | . . Traps | -11 -10 ------- Run | Scr Mat Traps Triggered 1 | . 1 Indirectly . | . . Trap Hack Attempts . | . . Triggered . | . . Disarmed . | . . Reprogrammed . | . . Reused . | . . Traps Extracted . | . . Installed . | . . Triggered . | . . Machines | -11 -10 ---------- Run | Scr Mat Machines Disabled 2 | . 2 Max in Single Turn 1 | . 1 Machines Sabotaged . | . . Garrisons Compromised . | . . Overloaded Fab Kills . | . . Hacking | -11 -10 --------- Run | Scr Mat Machines Accessed 3 | . 3 Terminals 3 | . 3 Fabricators . | . . Repair Stations . | . . Recycling Units . | . . Scanalyzers . | . . Garrison Access . | . . Total Hacks 6 | . 6 Successful 4 | . 4 Failed 2 | . 2 Catastrophic . | . . Database Lockouts . | . . Manual 3 | . 3 Terminals 6 | . 6 Fabricators . | . . Repair Stations . | . . Recycling Units . | . . Scanalyzers . | . . Garrison Access . | . . Terminal Hacks 1 | . 1 Robot Analysis 1 | . 1 Fabricator Hacks . | . . Repair Station Hacks . | . . Recycling Unit Hacks . | . . Scanalyzer . | . . Garrison Access Hacks . | . . Unauthorized Hacks 3 | . 3 Terminals 3 | . 3 Botnet 3 | . 3 Fabricators . | . . Repair Stations . | . . Recycling Units . | . . Scanalyzers . | . . Garrison Access . | . . Data Cores Recovered . | . . Used . | . . Hacking Detections 2 | . 2 Full Trace Events . | . . Feedback Events . | . . Feedback Blocked . | . . Robot Schematics Acquired . | . . Robots Built . | . . Authchips . | . . Time . | . . Total Robot Build Rating . | . . Part Schematics Acquired . | . . Parts Built . | . . Authchips . | . . Time . | . . Total Part Build Rating . | . . Parts Repaired . | . . Time . | . . Parts Recycled . | . . Recycled Matter . | . . Retrieved Matter . | . . Retrieved Components . | . . Parts Scanalyzed . | . . Part Schematics Acquired . | . . Parts Damaged . | . . Bothacking | -11 -10 ------------ Run | Scr Mat Used RIF Installer . | . . Robots Hacked . | . . Non-combat . | . . Combat . | . . Robot Hacks Applied . | . . Relay Couplers Released . | . . Fabnet Peak Effective % . | . . Robots Rewired . | . . Allies Hacked . | . . Hacks Repelled . | . . Allies | -11 -10 -------- Run | Scr Mat Total Allies . | . . Largest Group . | . . Highest-Rated Group . | . . Highest-Rated Ally . | . . Total Orders . | . . Ally Attacks . | . . Total Damage . | . . Kills . | . . Allies Corrupted . | . . Allies Melted . | . . Intel | -11 -10 ------- Run | Scr Mat Robot Analysis Total 1 | . 1 Derelict Logs Recovered . | . . Drone Launches . | . . Drone Recoveries . | . . Exploration | -11 -10 ------------- Run | Scr Mat Turns Passed 406 | 92 314 Spaces Moved 210 | 73 137 Core 17 | 17 . Treads . | . . Legs 193 | 56 137 Wheels . | . . Hover . | . . Flight . | . . Fastest Speed 50 | 50 120 Average Speed 116 | 109 121 Slowest Speed 190 | 120 190 Overloaded Moves . | . . Propulsion Burnouts . | . . Robots Hopped . | . . Cave-ins Triggered . | . . Exploration Rate (%) 25 | 4 47 Regions Visited 1 Branch Regions . Pre-discovered Areas . | . . Known Exits Taken . | . . Unknown Exits Taken 1 | 1 . Scrap Searched . | . . Spaces Dug . | . . Terrain Destroyed 49 | . 49 Melee . | . . Projectile . | . . AOE 49 | . 49 Terrain Rammed . | . . Walls Destroyed . | . . Machines Disabled . | . . Actions | -11 -10 --------- Run | Scr Mat Total 290 | 83 207 Wait 10 | . 10 Move 209 | 72 137 Hop . | . . Pick Up 5 | 5 . Fast Attach 7 | 5 2 Attach 2 | 1 1 Detach . | . . Swap . | . . Drop . | . . Fire 57 | . 57 Melee . | . . Ram . | . . Kick . | . . Crush . | . . Escape Stasis . | . . Rewire . | . . Trap . | . . Miscellaneous . | . . Route ------- -11/Scrapyard -10/Materials (discovered 1 exit: [*Mat]) History --------- Turn | Location | Event 14 | -11/Scrapyard | Discovered new exit (range 14) 93 | -11/Scrapyard | Entered Materials 175 | -10/Materials | Discovered new exit (range 14) 282 | -10/Materials | Destroyed 7 combat bots 311 | -10/Materials | Build established: Mutant 381 | -10/Materials | Core integrity fell below 50% 404 | -10/Materials | Core integrity fell below 20% 407 | -10/Materials | Destroyed by G-34 Mercenary with Small Laser Last Messages --------------- 00387_ U-05 Engineer builds a Wall. 00388_ U-05 Engineer lays Concrete. 00390_ K-01 Serf collects debris. 00390_ U-05 Engineer lays Concrete. 00390_ Critical hit (Burn: +37). 00391_ U-05 Engineer lays Concrete. 00393_ U-05 Engineer builds a Wall. 00393_ U-05 Engineer lays Concrete. 00393_ K-01 Serf collects debris. 00394_ U-05 Engineer lays Concrete. 00396_ K-01 Serf collects debris. 00397_ U-05 Engineer lays Concrete. 00397_ U-05 Engineer builds a Door. 00398_ U-05 Engineer lays Concrete. 00401_ Med. Laser destroyed. 00402_ U-05 Engineer lays Concrete. 00402_ Lgt. Assault Rifle destroyed. 00402_ U-05 Engineer lays Concrete. 00404_ U-05 Engineer builds a Wall. 00404_ U-05 Engineer lays Concrete. Map ----- +----------------------------------------------------+ | ?????????????????????????????????????? | | ?????????????????????????????????????? | | ?????????????????????????????????????? | | ?????????????????????????????????????? | | ?????????????????????????????????????? | | ?????????????????????????????????????? | | ?????????????????????????????????????? | | ?????????????????????????????????????? | | ??????????????????? ????????????? | | ??????????????????# "???????????? | | ??????????????????# "???????????? | | ??????????????????# """?????????? | | ?????????########## ??????????? | | ?????????# ! ?????#????? | | ?????????# """ """"?? #????? | | ######???# """ # gg """" #????? | | ???# "" """" #????? | | ? ???# ! #????? | | ?? #??# "" k #????? | | ??# #??# " # """ #?????? | | ??# #??#] # """ #?????? | | ??# #??# # """ #?????? | | ??# ######### ## #?????? | | ??# w ^ #?????? | | ??# #?????? | | ??# g @ #?????? | | ??# ####### # ######^ #?????? | | ??# #?????# #" #?????? | | ??# #?????#### #T #?????? | | ??# #????????# # #?????? | | ??# #????????# # #?????? | | ??# #????????#! + #?????? | | ??# #????????# # ######?????? | | ??# #????????######## #??????????? | | ??# ##?????????????/# #??????????? | | ??# T#???????????? #% #??????????? | | ??# ##???????????" u=%["??????????? | | ??# #???????????"" # u ??????????? | | ??# #?????????? / #??????????? | | ??# #?????????###### [ #??????????? | | ### #######?????????=%[ ???????????? | | + #???????? %=???????????? | | # #??????? ???????????? | | "" # """ #??????? ???????????? | | "" # """ #??????? ???????????? | | "" # """ #???????! ???????????? | | # #????????? ???????????? | | + #???????????????????????? | | "" # #???????????????????????? | | "" ## "#???????????????????????? | +----------------------------------------------------+ Best States ------------- Heat Dissipation 25 Energy Generation 10 Energy Capacity 250 Matter Stores 279 Matter Capacity 300 Sight Range 16 Terrain Scan Density 10 Armor Coverage 150 Evasion (%) 55 Item Schematics ----------------- None Robot Schematics ------------------ None Fabricated ------------ Nothing Alien Tech Used ----------------- None Achievements -------------- None Challenges ------------ None Game ------ Seed ShieldArcCorpse Manual? 0 Play Time 00:07:33 Cumulative 181.6 hours Start 2022.03.31 @ 01:03:12 End 2022.03.31 @ 01:07:27 Sessions 1 Manual Loads 0 Difficulty Rogue Special Mode AFD2021/Volatile Game No. 129 Rogue 96 Adventurer 0 Explorer 33 Win Type - Total 4 Types 4/0/0/0/0/0/0/0/0 Lore% 59 Gallery% 63 Achievement% 58 Wizard Run 0 Options --------- ASCII 0 Keyboard 1 Movement Vi Keybinds 0 Fullscreen 1 Font 18/SmallcapsGlow Map View 76x50 Tactical HUD 1 Map Filters NONE Filters NONE Steam 1 RUN: f8711048-9833-4a82-b303-1af1c70dca6a